AoeStats
← Horny

Arabia

509922475Analyzed
1v1 RM · 4d ago on Sep 28, 2026· 69m 42s· 2 players
Game mode
Random Map
Map size
Tiny (2 player)
Population
200
Speed
Normal
Resources
Standard
Victory
Conquest
Starting age
Dark Age
Ending age
Imperial Age
RankedLock teamsTeams togetherTeam positionsShared explorationLock speedFull tech treeHidden civsTurbo modeCheats
Victory
Defeat
🇸🇮 Mongols · Slovenia
1188
+15
🇩🇪 Muisca · Germany
1173
-15
Sir_Darkdepp 1st
9:52 Feudal Age
9:30 Loom
9:53 Champi Runner
12:04 Scale Mail Armor
12:14 Forging
20:36 Castle Age
18:47 Double-Bit Axe
20:07 Gold Mining
20:48 Champi Warrior
22:23 Chain Mail Armor
22:52 Elite Skirmisher
25:48 Squires
26:46 Bow Saw
27:15 Gold Shaft Mining
26:50 Horse Collar
28:47 Fletching
35:05 Imperial Age
35:34 Elite Champi Warrior
37:23 Plate Mail Armor
38:10 Iron Casting
38:33 Padded Archer Armor
39:46 Thumb Ring
40:04 Ballistics
40:13 Conscription
40:38 Bodkin Arrow
44:21 Leather Archer Armor
57:33 Chemistry
60:45 Two-Man Saw
61:31 Heavy Plow
62:13 Herbalism
65:33 Wheelbarrow
65:57 Bracer
Horny
4:06 Loom
10:39 Feudal Age
11:39 Double-Bit Axe
12:30 Forging
20:30 Castle Age
18:56 Stone Mining
19:34 Fletching
22:01 Bloodlines
22:01 Husbandry
22:43 Bow Saw
23:44 Town Watch
25:37 Wheelbarrow
27:21 Bodkin Arrow
30:16 Bloodlines
30:18 Gold Mining
34:26 Ballistics
34:15 Padded Archer Armor
34:10 Horse Collar
35:29 Leather Archer Armor
40:31 Imperial Age
39:45 Hand Cart
41:10 Bracer
41:53 Thumb Ring
44:16 Elite Mangudai
63:06 Chemistry
64:28 Murder Holes
65:18 Gold Shaft Mining
68:13 Iron Casting
67:38 Scale Mail Armor
67:55 Light Cavalry
69:04 Hussar
Connection lost

Rejoining the realm…

Still unreachable

The connection could not be restored.

Session expired

The server has moved on; the page needs a fresh start.